 Dungeon Crawl Stone Soup version 0.16-a0-3940-gf8a207b (webtiles) character file.

306 Johnny the Skirmisher (level 6, -8/66 HPs)
             Began as an Ogre Wizard on Feb 7, 2015.
             Mangled by a gnoll
             ... wielding a +0 halberd
              (19 damage)
             ... on level 3 of the Dungeon.
             The game lasted 00:05:05 (3890 turns).

Johnny the Skirmisher (Ogre Wizard)                 Turns: 3890, Time: 00:05:07

Health: -8/66      AC: 10    Str: 13    XL:     6   Next: 39%
Magic:  1/13       EV:  6    Int: 22    God:
Gold:   100        SH:  0    Dex: 10    Spells: 3 memorised, 7 levels left

rFire  . . .     SeeInvis .     y - +2 flail (protect)
rCold  . . .     Clarity  .     a - +0 robe
rNeg   . . .     SustAb   .     (shield restricted)
rPois  .         Gourm    .     b - +1 hat
rElec  .         Spirit   .     o - +0 cloak
rCorr  .         Warding  .     (gloves unavailable)
rMut   .         Stasis   .     (boots unavailable)
MR     .....                    (no amulet)
Stlth  ..........               B - ring of loudness
                                r - +5 ring of intelligence

@: lethally poisoned (-8 -> -11), very slightly contaminated, held, not
resistant to hostile enchantments, extremely unstealthy
A: unfitting armour, tough skin 1
a: no special abilities


You were on level 3 of the Dungeon.
You were hungry.

You visited 1 branch of the dungeon, and saw 3 of its levels.

You collected 100 gold pieces.

Inventory:

Hand weapons
 e - a +0 hand axe
 f - a +0 mace
 y - a +2 flail of protection (weapon)
 D - a +3 whip
Armour
 a - a +0 robe (worn)
 b - a +1 hat (worn)
 o - a +0 cloak (worn)
Jewellery
 r - a +5 ring of intelligence (left hand)
 w - an uncursed ring of ice
 B - a ring of loudness (right hand)
Magical devices
 F - a wand of disintegration (1)
Scrolls
 g - 5 scrolls of identify {unknown}
 m - a scroll of fog {unknown}
 p - 2 scrolls of remove curse
Potions
 h - a potion of curing
 l - a potion of lignification {unknown}
 n - a potion of invisibility {unknown}
 s - a potion of restore abilities {unknown}
 A - a potion of haste {unknown}
 C - a potion of might {unknown}
Books
 c - a book of Minor Magic

   Spells                             Type                      Level
   a - Magic Dart                     Conjuration                  1
   b - Blink                          Translocation                2
   c - Call Imp                       Summoning                    2
   d - Repel Missiles                 Charms/Air                   2
   e - Slow                           Hexes                        2
   f - Conjure Flame                  Conjuration/Fire             3
   g - Mephitic Cloud                 Conjuration/Poison/Air       3
Comestibles
 d - a meat ration
 k - 2 bread rations
 q - 4 fruits
 u - a slice of pizza
 x - a beef jerky
 z - a royal jelly
 E - a chunk of flesh


   Skills:
 * Level 5.0 Fighting
 + Level 1.3 Maces & Flails
 + Level 1.9 Armour
 * Level 3.8 Dodging
 - Level 1.5 Stealth
 - Level 3.6 Spellcasting
 - Level 0.6 Conjurations
 - Level 0.6 Summonings
 - Level 0.6 Translocations


You had 7 spell levels left.
You knew the following spells:

 Your Spells              Type           Power        Failure   Level  Hunger
a - Magic Dart            Conj           #...         10%         1    None
b - Call Imp              Summ           #.......     14%         2    ##.....
c - Blink                 Tloc           N/A          14%         2    ##.....


Dungeon Overview and Level Annotations

Branches:
Dungeon (3/15)

Altars:
Elyvilon
Nemelex Xobeh


Innate Abilities, Weirdness & Mutations

You are too large for most types of armour.
You have tough skin (AC +1).


Message History

As you read the scroll labeled PEXOPP NECK, it crumbles to dust.
It is a scroll of enchant weapon.
Enchant which weapon? (? for menu, Esc to quit)
Your +1 flail of protection glows red for a moment.
You feel sick.
The gnoll hits you from afar with a halberd of venom!
* * * LOW HITPOINT WARNING * * *
The gnoll hits you but does no damage. The gnoll barely misses you.
Unknown command.
Drink which item? (? for menu, Esc to quit)
You feel better. The gnoll hits you but does no damage.
The gnoll closely misses you. The gnoll barely misses you.
Read which item? (? for menu, Esc to quit)
As you read the scroll labeled RUER KLUSCHUSA, it crumbles to dust.
The creatures around you are filled with an inner flame!
It was a scroll of immolation.
The gnoll hits you but does no damage. The gnoll hits you but does no damage.
You are poisoned.
The gnoll hits you from afar with a halberd!!
You die...

******#******#########.#.########
,,,,...,,,,,,......÷.............
,,≈≈≈≈≈≈≈≈≈≈≈≈≈≈≈≈≈≈÷....≈≈≈≈≈≈≈≈
,,≈≈≈≈≈≈≈≈≈≈≈≈≈≈≈≈≈≈≈)...≈≈≈≈≈≈≈≈
,,≈≈#####≈≈≈≈≈≈≈≈≈≈≈≈....≈≈≈≈≈≈≈≈
,,≈≈#...#,,,,....................
,,≈≈*...#############''''########
,,≈≈**#'#....gg.)...#....#....,,,
,,≈≈≈,#.'..).gg.@..)'..5.'....,,,
,,≈≈≈,#.#.(.5gg)....#....#...,,,,
,,≈≈≈,#.#####################****
,,≈≈≈,#g.....#,',,,,,,,,,,,,,,',*
,,≈≈≈,#......#,*,,,,,,,,,,,,,,*,*
,,≈≈≈,#g###g##,*,,,,,,,,,,,,,,*,*
,,≈≈≈,#.#,...#,*,,,,,,,,,,,,,,*,*
,,≈≈≈,#g#,,..#**'************'***
,,≈≈**#'#,,,.',,,,,,,,**,,,,,,,,'


You could see 6 gnolls and 2 friendly crimson imps.

Vanquished Creatures
  6 gnolls (D:3)
  3 adders
  3 worms (D:2)
  5 giant cockroaches
  3 goblins
  3 hobgoblins
  8 jackals
  2 quokkas
  12 bats
  5 giant newts
  4 kobolds
  13 rats
67 creatures vanquished.

Vanquished Creatures (collateral kills)
  The ghost of Absynth the Insei, an average DgTm (D:3)
  2 gnoll shamans (D:3)
  9 gnolls (D:3)
  An orc (D:3)
  A hobgoblin (D:3)
  4 jackals (D:3)
  2 kobolds (D:3)
  A bat (D:3)
  A giant gecko (D:3)
  A giant newt (D:3)
  A goblin (D:3)
  A rat (D:3)
25 creatures vanquished.

Vanquished Creatures (others)
  2 crimson imps (D:3)
  4 white imps (D:3)
6 creatures vanquished.

Grand Total: 98 creatures vanquished

Notes
Turn   | Place    | Note
--------------------------------------------------------------
     0 | D:1      | Johnny, the Ogre Wizard, began the quest for the Orb.
     0 | D:1      | Reached XP level 1. HP: 16/16 MP: 4/4
   260 | D:1      | Reached XP level 2. HP: 21/26 MP: 6/6
   507 | D:1      | Reached skill level 1 in Fighting
   633 | D:1      | Reached skill level 1 in Armour
   862 | D:2      | Found a sparkling altar of Nemelex Xobeh.
   876 | D:2      | Reached XP level 3. HP: 8/33 MP: 2/8
  2137 | D:2      | Found a white marble altar of Elyvilon.
  2153 | D:2      | Reached XP level 4. HP: 33/44 MP: 10/10
  2263 | D:2      | Learned a level 2 spell: Call Imp
  2266 | D:2      | Learned a level 2 spell: Blink
  2850 | D:3      | Noticed Absynth's ghost (average DgTm)
  2860 | D:3      | Killed Absynth's ghost
  2860 | D:3      | Reached XP level 5. HP: 32/54 MP: 3/11
  3239 | D:3      | Reached skill level 4 in Fighting
  3540 | D:3      | Reached XP level 6. HP: 61/63 MP: 5/13
  3674 | D:3      | Reached skill level 1 in Maces & Flails
  3874 | D:3      | Reached skill level 5 in Fighting
  3890 | D:3      | Mangled by a gnoll

Action                   |  1- 3 |  4- 6 || total
-------------------------+-------+-------++-------
Melee: Hand axe          |   158 |    74 ||   232
       Unarmed           |     5 |       ||     5
       Flail             |       |    68 ||    68
 Cast: Magic Dart        |     6 |     8 ||    14
       Call Imp          |       |    27 ||    27
  Use: Potion            |     1 |     2 ||     3
       Scroll            |       |     5 ||     5
 Stab: Sleeping          |     3 |       ||     3
       Distracted        |       |     3 ||     3
  Eat: Chunk             |     3 |     7 ||    10
